Get step-by-step instructions on how to execute this build order below. Start the game timer, and the build order will tick by so you can play in parallel with StarCraft on a second screen or mobile device.

Game Time

  0:00

Last Step

  N/A

Next Step

Upcoming Step



Don't want to look back and forth between 2 screens? Try out our Overwolf App, the Spawning Tool Build Advisor to get an in-game overlay with this build!

Complete Build Order

  12  0:02  Drone  
  13  0:12  Overlord  
  13  0:18  Drone  
  14  0:30  Drone x2  
  16  0:36  Drone  
  17  0:47  Drone  
  18  0:58  Hatchery  
  18  1:00  Drone  
  18  1:03  Extractor  
  17  1:07  Drone  
  18  1:18  Drone  
  19  1:25  Spawning Pool  
  18  1:29  Drone  
  19  1:39  Overlord  
  19  1:50  Drone  
  20  2:01  Drone  
  21  2:05  Extractor  
  20  2:11  Queen  
  20  2:14  Queen  
  24  2:17  Drone  
  24  2:19  Drone  
  24  2:21  Metabolic Boost  
  26  2:24  Zergling x2  
  26  2:25  Zergling x2  
  28  3:08  Zergling x2  
  28  3:11  Drone x5  
  34  3:22  Drone  
  35  3:33  Drone  
  36  3:36  Overlord  
  36  3:37  Overlord  
  36  3:54  Overlord x4  
  36  3:56  Queen  
  40  4:04  Lair  
  40  4:07  Drone  
  40  4:08  Drone x3  
  42  4:11  Extractor  
  42  4:14  Extractor  
  40  4:20  Drone x2  
  40  4:22  Drone  
  43  4:32  Queen  
  45  4:43  Drone x3  
  45  4:44  Drone x3  
  50  5:16  Hydralisk Den  
  50  5:18  Hatchery  
  50  5:20  Drone  
  49  5:22  Drone x3  
  49  5:23  Drone x3  
  55  5:51  Hydralisk x4  
  55  5:52  Hydralisk x6  
  75  5:58  Drone  
  76  6:13  Overlord x3  
  76  6:14  Overlord  
  76  6:18  Hatchery  
  69  7:11  Drone x2  
  69  7:12  Drone  
  69  7:13  Drone x2  
  69  7:14  Drone x7  
  81  7:25  Hydralisk x3  
  87  7:43  Grooved Spines  
  85  7:52  Drone x2  
  85  7:53  Drone x7  
  94  8:00  Queen  
  96  8:09  Hydralisk  
  96  8:10  Hydralisk x6  
  110  8:30  Hydralisk  
  112  8:35  Overlord x5  
  112  8:36  Overlord x2, Extractor  
  112  8:41  Extractor  
  110  8:48  Hydralisk  
  110  8:55  Muscular Augments  
  112  8:58  Hydralisk  
  112  8:59  Hydralisk x15  
  144  9:21  Hydralisk x4  
  144  9:22  Hydralisk x4  
  153  9:57  Drone x7  
  153  9:58  Drone x6  
  166  10:26  Zergling x2  
  165  11:11  Overlord  
  165  11:12  Overlord x11  
  165  11:47  Burrow  
  165  11:50  Infestation Pit  
  164  12:03  Drone x3  
  164  12:08  Extractor  
  166  12:10  Hydralisk x2  
  166  12:11  Extractor, Hydralisk x7  
  144  13:50  Pathogen Glands  
  144  13:54  Infestor  
  144  13:55  Infestor x8  
  152  13:56  Infestor x6  
  174  14:46  Neural Parasite  
  174  15:03  Overseer x4  
  174  15:09  Overseer x2  
  174  15:29  Hydralisk x7  
  174  15:30  Hydralisk x5  
  198  15:52  Evolution Chamber  
  198  15:53  Evolution Chamber  
  196  15:57  Hive  
  196  15:58  Spire x2  
  92  16:29  Hydralisk  
  92  16:30  Hydralisk x22